 Dungeon Crawl Stone Soup version 0.25.1-2-g60ff931df9 (webtiles) character file.

Game seed: 18152941385265131351

1505 DLuke the Cleaver (level 8, -5/70 HPs)
             Began as a Hill Orc Fighter on Oct 30, 2020.
             Was a Believer of Trog.
             Killed by divine providence
             ... invoked by an orc priest
              (13 damage)
             ... on level 6 of the Dungeon.
             The game lasted 00:35:24 (5222 turns).

DLuke the Cleaver (Hill Orc Fighter)                Turns: 5222, Time: 00:35:25

Health: -5/70      AC: 10    Str: 20    XL:     8   Next: 82%
Magic:  8/8        EV:  7    Int:  8    God:    Trog [**....]
Gold:   266        SH: 15    Dex: 11    Spells: 7/7 levels left

rFire    x . .     SeeInvis +   a - +0 war axe
rCold    + . .     Gourm    .   c - +0 kite shield
rNeg     . . .     Faith    .   E - +0 chain mail
rPois    .         Spirit   .   (no helmet)
rElec    .         Reflect  +   (no cloak)
rCorr    .         Harm     .   (no gloves)
MR       ++...                  (no boots)
Stlth    ..........             r - amulet of reflection
HPRegen  1.21/turn              C - ring of ice
MPRegen  0.11/turn              p - ring of see invisible

@: regenerating, hasted, very quick
A: no striking features
a: Berserk, Trog's Hand, Renounce Religion, Convert to Beogh


You were on level 6 of the Dungeon.
You worshipped Trog.
Trog was pleased with you.
You were not hungry.

You visited 2 branches of the dungeon, and saw 7 of its levels.

You collected 266 gold pieces.

Inventory:

Hand Weapons
 a - a +0 war axe (weapon)
 d - a +2 whip of freezing
 e - a +1 dagger of flaming
 j - a +0 scythe
 m - a +1 dagger of protection
 q - a +2 scimitar of holy wrath
 v - a +0 hand axe
 w - a +0 war axe
Armour
 b - a +0 scale mail
 c - a +0 kite shield (worn)
 f - a +2 robe of magic resistance
 u - a +2 leather armour of magic resistance
 E - a +0 chain mail (worn)
Jewellery
 k - an uncursed ring of teleportation
 p - a ring of see invisible (right hand)
 r - an amulet of reflection (around neck)
 C - a ring of ice (left hand)
 D - an uncursed amulet of the acrobat
Wands
 y - a wand of digging (7)
Scrolls
 i - 4 scrolls of remove curse
 l - 2 scrolls of immolation
 A - 3 scrolls of identify
 F - a scroll of fog {unknown}
Potions
 g - a potion of brilliance {unknown}
 h - a potion of heal wounds {unknown}
 n - a potion of magic
 o - a potion of stabbing
 t - a potion of haste


   Skills:
 + Level 6.0 Fighting
 + Level 8.3 Axes
 + Level 6.4 Armour
 + Level 2.1 Dodging
 + Level 6.6 Shields


You had 7 spell levels left.
You didn't know any spells.
Your spell library was empty.

Dungeon Overview and Level Annotations

Branches:
Dungeon (6/15)             Temple (1/1) D:4

Altars:
Ashenzari
Cheibriados
Dithmenos
Elyvilon
Fedhas
Gozag
Hepliaklqana
Kikubaaqudgha
Makhleb
Nemelex Xobeh
Okawaru
Qazlal
Ru
Sif Muna
Trog
Uskayaw
Vehumet
Wu Jian
Xom
Yredelemnul
Zin
The Shining One


Message History

The orc priest threatens, "By the altar or by the axe, you will meet Beogh!"
The orc priest barely misses you.
You closely miss the orc priest.
The orc priest is almost dead.
Your shield and chain mail prevent you from hitting the orc warrior.
The orc shouts!
The orc warrior hits you with a +1 scimitar of holy wrath!
* * * LOW HITPOINT WARNING * * *
The orc priest invokes the aid of Beogh against you.
Beogh smites you!
* * * LOW HITPOINT WARNING * * *
You hear a shout!
The orc priest calls upon Beogh to heal the orc warrior.
The orc warrior is healed somewhat.
You feel yourself speed up.
The orc warrior hits you with a +1 scimitar of holy wrath.
* * * LOW HITPOINT WARNING * * *
The orc priest invokes the aid of Beogh against you.
Beogh smites you!
You die...

##.######)
########)##.....
##.....#.....)..#
##.../........)..#
#................#
#...............$#
#.................
#..........[....5#
#@o...o.........>.
#..).............#
##.o...........###
##.....#.....,,,,
#########.##,***
*.#*,,,* *,****,>
*,* **, *,* ***,


You could see an orc warrior, an orc priest and an orc.

Vanquished Creatures
  Pikel (D:4)
  Sigmund (D:4)
  A slave (D:4)
  2 ice beasts
  An orc warrior (D:6)
  A gnoll shaman (D:6)
  3 hounds
  A bullfrog skeleton (D:5)
  A centaur skeleton (D:5)
  3 iguanas (D:5)
  An orc wizard (D:5)
  4 worker ants
  A killer bee zombie (D:5)
  11 gnolls
  5 adders
  A shadow imp (D:5)
  3 oozes
  An adder zombie (D:6)
  A worm (D:3)
  A dart slug (D:1)
  3 leopard geckos
  13 orcs
  5 giant cockroaches
  7 goblins
  5 hobgoblins
  3 jackals (D:1)
  2 quokkas
  A ball python (D:5)
  8 bats
  8 frilled lizards
  7 kobolds
  A quokka zombie (D:4)
  6 rats
  2 plants (Temple)
115 creatures vanquished.

Notes
Turn   | Place    | Note
-------+----------+-------------------------------------------
     0 | D:1      | DLuke the Hill Orc Fighter began the quest for the Orb.
     0 | D:1      | Reached XP level 1. HP: 19/19 MP: 1/1
   137 | D:1      | Reached XP level 2. HP: 27/27 MP: 2/2
   156 | D:1      | Reached skill level 3 in Axes
   319 | D:1      | Reached XP level 3. HP: 25/33 MP: 3/3
   925 | D:2      | HP: 1/33 [poisoned by an adder]
  1228 | D:2      | Reached XP level 4. HP: 40/40 MP: 4/4
  1321 | D:2      | Reached skill level 4 in Axes
  1698 | D:3      | Found a faded altar of an unknown god.
  1822 | D:3      | Became a worshipper of Trog the Wrathful
  1822 | D:3      | Reached * piety under Trog
  2120 | D:4      | Found a staircase to the Ecumenical Temple.
  2121 | D:4      | Noticed a slave
  2135 | D:4      | Killed a slave
  2142 | Temple   | Entered the Ecumenical Temple
  2778 | D:4      | Reached XP level 5. HP: 39/46 MP: 5/5
  2927 | D:4      | Found a hide-covered altar of Uskayaw.
  3024 | D:4      | Noticed Sigmund
  3035 | D:4      | Killed Sigmund
  3035 | D:4      | Reached skill level 5 in Axes
  3035 | D:4      | Reached XP level 6. HP: 53/53 MP: 6/6
  3320 | D:4      | Noticed Pikel
  3320 | D:4      | Noticed a slave
  3321 | D:4      | Noticed a slave
  3322 | D:4      | Noticed a slave
  3359 | D:4      | Killed Pikel
  3359 | D:4      | Reached skill level 5 in Fighting
  3359 | D:4      | Reached skill level 6 in Axes
  3359 | D:4      | Reached skill level 5 in Armour
  3359 | D:4      | Reached skill level 1 in Dodging
  3359 | D:4      | Reached skill level 5 in Shields
  3359 | D:4      | Reached XP level 7. HP: 28/61 MP: 7/7
  3817 | D:5      | Entered Level 5 of the Dungeon
  3967 | D:5      | Reached ** piety under Trog
  4028 | D:5      | Reached XP level 8. HP: 53/68 MP: 8/8
  4308 | D:5      | Reached skill level 7 in Axes
  5067 | D:6      | Reached skill level 8 in Axes
  5190 | D:6      | HP: 1/70 [orc warrior/+1 scimitar of holy wrath (9)]
  5222 | D:6      | Killed from afar by an orc priest

Illustrated notes

Levels and vault maps discovered:
D:1:      elethiomel_arrival_shortcut, layout_basic
D:2:      layout_basic
D:3:      minmay_diamond_boxcup, layout_basic,
          chequers_ecumenical_altar_simple_redux, ebering_ghost_sewer_f,
          first_ration, serial_park_tiny_pond
D:4:      layout_basic, nicolae_overflow_hidden_temple,
          minmay_temple_entry_junction, uniq_pikel, uniq_sigmund
D:5:      layout_basic, cheibrodos_sewer_entry_drain,
          chequers_serial_rivers_small_3, minmay_pentangle
D:6:      wander_guarded_unrand_ratskin, layout_rooms
Temple:   kilobyte_greek_temple

Skill      XL: |  1  2  3  4  5  6  7  8 |
---------------+-------------------------+-----
Axes           | 3 4 5 6 8 |  8.3
Fighting       | 4 5 6 |  6.0
Shields        | 4 5 6 |  6.6
Armour         | 4 5 6 |  6.4
Dodging        | 1 2 |  2.1

Action                   |  1- 3 |  4- 6 |  7- 9 || total
-------------------------+-------+-------+-------++-------
Melee: War axe           |   114 |   157 |   233 ||   504
Invok: Berserk           |       |     4 |     2 ||     6
       Trog's Hand       |       |       |     4 ||     4
  Use: Potion            |     3 |     5 |     5 ||    13
       Scroll            |       |     4 |     2 ||     6
  Eat: Chunk             |     1 |     5 |     6 ||    12
       Ration            |       |     2 |     2 ||     4
Armor: Scale mail        |    57 |    25 |    48 ||   130
       Chain mail        |       |       |     5 ||     5
Dodge: Dodged            |    39 |    25 |    50 ||   114
Block: Kite shield       |    67 |    87 |   193 ||   347
       Reflection        |       |       |     3 ||     3
